 Dungeon Crawl Stone Soup version 0.30-a0-358-g0d69a1922f (webtiles) character file.

Game seed: 2697409862794642037

153 koil the Sneak (level 5, -19/37 HPs)
             Began as a Vampire Enchanter on Nov 10, 2022.
             Demolished by Menkaure (21 damage)
             ... on level 4 of the Dungeon.
             The game lasted 00:07:00 (2516 turns).

koil the Sneak (Vampire Enchanter)                  Turns: 2516, Time: 00:07:00

Health: -19/37     AC:  4    Str:  7    XL:     5   Next: 12%
Magic:  6/8        EV: 12    Int: 20    God:
Gold:   60         SH:  0    Dex: 14    Spells: 4/9 levels left

rFire   + . .      SeeInvis +    a - +1 dagger
rCold   . . .      Faith    .    (no shield)
rNeg    . . .      Spirit   .    o - +0 leather armour
rPois   .          Reflect  .    (no helmet)
rElec   .          Harm     .    (no cloak)
rCorr   .          Rampage  .    (no gloves)
Will    .....                    i - +0 pair of boots
Stlth   +++.......               (no amulet)
HPRegen 0.46/turn                r - ring of flight
MPRegen 0.11/turn                h - ring of protection from fire

@: flying, healing quickly
A: alive, fangs 3, see invisible, vampiric 2
a: Exsanguinate


You were on level 4 of the Dungeon.
You visited 1 branch of the dungeon, and saw 4 of its levels.

You collected 60 gold pieces.

Inventory:

Hand Weapons
 a - a +1 dagger (weapon)
Armour
 b - a +0 robe
 i - a +0 pair of boots (worn)
 o - a +0 leather armour (worn)
Jewellery
 h - a ring of protection from fire (right hand)
 r - a ring of flight (left hand)
Wands
 q - a wand of paralysis (12)
Scrolls
 d - a scroll of brand weapon {unknown}
 e - 4 scrolls of teleportation {unknown}
 f - 2 scrolls of identify {unknown}
 j - a scroll of butterflies {unknown}
 n - a scroll of magic mapping {unknown}
Potions
 c - 2 potions of invisibility
 g - 2 potions of lignification {unknown}
 k - a potion of flight {unknown}
 l - a potion of berserk rage {unknown}
 m - a potion of cancellation {unknown}
 p - 3 potions of might {unknown}
 s - a potion of mutation {unknown}
 t - a potion of curing {unknown}


   Skills:
 + Level 1.3 Fighting
 + Level 2.1 Short Blades
 + Level 1.1 Armour
 + Level 3.0 Dodging
 + Level 5.5 Stealth
 + Level 2.5 Spellcasting
 + Level 5.2 Hexes


You had 4 spell levels left.
You knew the following spells:

 Your Spells              Type           Power      Damage    Failure   Level
a - Ensorcelled Hibernat  Hex/Ice        26%        N/A       11%         2
b - Confusing Touch       Hex            23%        N/A       8%          3

Your spell library contained the following spells:

 Spells                   Type           Power      Damage    Failure   Level
 Tukima's Dance           Hex            23%        N/A       8%          3
 Foxfire                  Conj/Fire      8%         2x1d4     22%         1
 Dazzling Flash           Conj/Hex       26%        N/A       22%         3
 Frozen Ramparts          Ice            4%         1d1       54%         3
 Ice Form                 Ice/Tmut       2%         N/A       91%         4
 Summon Ice Beast         Ice/Summ       2%         N/A       91%         4
 Fireball                 Conj/Fire      1%         3d3       99%         5
 Starburst                Conj/Fire      1%         6d3       100%        6


Dungeon Overview and Level Annotations

Branches:
Dungeon (4/15)
 Temple: D:4-7

Altars:

Annotations:
D:4 Menkaure


Innate Abilities, Weirdness & Mutations

Your natural rate of healing is accelerated.
You have razor-sharp teeth.
You have supernaturally acute eyesight. (SInv)
You are afflicted with vampirism and can become a bat while bloodless.


Message History

There is an open door here.
t - a lumpy sapphire potion You reach down and open the door.
There is an open door here.
Done exploring.
Done exploring.
You reach down and open the door.
There is an open door here.
You reach down and open the door.
There is an open door here.
There is a stone staircase leading down here.
You fly downwards.
Found a club.
There is a stone staircase leading up here.
Found a stone staircase leading up.
No target in view!
Menkaure, Prince of Dust comes into view.
Found 4 stones.
Menkaure shouts, "The curse of the Pharaohs be upon you!"
Menkaure points at you and mumbles some strange words.
Pain shoots through your body!
Casting: Ensorcelled Hibernation (safe; 11% risk of failure)
Confirm with . or Enter, or press ? or * to list all spells.
Your hands begin to glow red.
You hit Menkaure but do no damage. Menkaure closely misses you.
You hit Menkaure but do no damage. Your bite misses Menkaure.
Menkaure hits you!
You hit Menkaure but do no damage. You hit Menkaure but do no damage.
Menkaure hits you!
* * * LOW HITPOINT WARNING * * *
You hit Menkaure but do no damage.
Menkaure appears confused.
Menkaure hits you.
* * * LOW HITPOINT WARNING * * *
You hit Menkaure.
Menkaure is lightly damaged.
You hit Menkaure but do no damage.
Menkaure is lightly damaged.
Menkaure hits you!!
Ouch! That really hurt!
You die...

#.###...# #.#..#..#
........###.#..#..#
...................
........#####..#.###
........#####..#.#
...............# .
####.......##..#
##........(..
##.@..##...#. #.M..#
.. #.....# . ##..###
...# .#..# .#... .
....


You could see Menkaure (confused).

Vanquished Creatures
  Jessica (D:2)
  3 gnolls (D:3)
  3 adders
  A worm (D:2)
  A dart slug (D:1)
  An orc (D:3)
  4 ball pythons
  7 bats
  6 endoplasms
  2 giant cockroaches (D:2)
  6 goblins
  8 hobgoblins
  9 kobolds
  3 quokkas
  A frilled lizard (D:3)
  8 rats
  A fungus (D:3)
  4 plants (D:3)
69 creatures vanquished.

Notes
Turn   | Place    | Note
-------+----------+-------------------------------------------
     0 | D:1      | koil the Vampire Enchanter began the quest for the Orb.
     0 | D:1      | Reached XP level 1. HP: 13/13 MP: 3/3
   234 | D:1      | Reached XP level 2. HP: 19/19 MP: 5/5
   237 | D:1      | Learned a level 2 spell: Ensorcelled Hibernation
   287 | D:1      | HP: 3/19 [kobold/+0 short sword (4)]
   846 | D:2      | Gained mutation: You are afflicted with vampirism and can
                  | become a bat while bloodless. [Vampire growth]
   846 | D:2      | Reached XP level 3. HP: 25/25 MP: 6/6
   850 | D:2      | Learned a level 3 spell: Confusing Touch
   889 | D:2      | Reached skill level 5 in Stealth
  1231 | D:2      | Noticed Jessica
  1238 | D:2      | Killed Jessica
  1239 | D:2      | Reached XP level 4. HP: 31/31 MP: 2/7
  1390 | D:2      | Reached skill level 1 in Fighting
  1545 | D:2      | Reached skill level 5 in Hexes
  1902 | D:3      | Reached skill level 1 in Armour
  1928 | D:3      | Reached XP level 5. HP: 33/37 MP: 1/8
  2006 | D:3      | Found a faded altar of an unknown god.
  2505 | D:4      | Noticed Menkaure
  2513 | D:4      | HP: 5/37 [Menkaure (12)]
  2514 | D:4      | HP: 1/37 [Menkaure (4)]
  2516 | D:4      | Demolished by Menkaure

Illustrated notes

Levels and vault maps discovered:
D:1:      wander_arrival_chamber, layout_loops_ring
D:2:      minmay_angry_zag, layout_basic, chequers_serial_rivers_marsh,
          kennysheep_generic_room_7, uniq_jessica
D:3:      layout_basic, shapermc_ecumenical_altar_mp_ritualfount
D:4:      layout_basic, minmay_temple_entry_enclosed_plants, uniq_menkaure

Skill      XL: |  1  2  3  4 |
---------------+-------------+-----
Stealth        | 5 |  5.5
Fighting       | 1 |  1.3
Hexes          | 5 |  5.2
Short Blades   | 2 |  2.1
Armour         | 1 |  1.1
Dodging        | 3 |  3.0
Spellcasting   | |  2.5

Action                   |  1- 3 |  4- 6 || total
-------------------------+-------+-------++-------
Melee: Dagger            |    98 |    98 ||   196
       Bite              |     9 |     8 ||    17
       Punch             |       |     2 ||     2
 Cast: Ensorcelled Hiber |     2 |     9 ||    11
       Confusing Touch   |       |     1 ||     1
 Stab: Sleeping          |    10 |    11 ||    21
       Distracted        |       |     1 ||     1
Armor: Robe              |    19 |     7 ||    26
       Leather armour    |       |    11 ||    11
Dodge: Dodged            |    59 |    43 ||   102

Table legend: (Time is in decaauts)
 A = Elapsed time spent in this place.
 B = Non-inter-level travel time spent in this place.
 C = Inter-level travel time spent in this place.
 D = Time resting spent in this place.
 E = Time spent auto-exploring this place.
 F = Levels seen in this place.
 G = Mean time per level.
                   A        B        C        D        E       F      G
               +--------+--------+--------+--------+--------+-----+--------+
         Total |   2499 |   2447 |     52 |     66 |   1818 |   4 |  624.8 |
       Dungeon |   2499 |   2447 |     52 |     66 |   1818 |   4 |  624.8 |
               +--------+--------+--------+--------+--------+-----+--------+

Top non-repeatable levels by time:
     D:2: 882 daAuts
     D:3: 814 daAuts
     D:1: 774 daAuts
     D:4: 28 daAuts
